AoeStats
← So sad

Socotra

505518513Analyzed
3v3 RM · 22d ago on Sep 9, 2026· 35m 11s· 6 players
Game mode
Random Map
Map size
128×128
Population
200
Speed
Normal
Resources
Standard
Victory
Conquest
Starting age
Dark Age
Ending age
Imperial Age
RankedLock teamsTeams togetherTeam positionsShared explorationLock speedFull tech treeHidden civsTurbo modeCheats
Victory
Defeat
🇫🇷 Italians · France
1443
+12
🇫🇷 Wu · France
1380
+14
🇫🇷 Gurjaras · France
1153
+24
🇺🇦 Turks · Ukraine
1349
-17
🇧🇾 Bengalis · Belarus
1340
-17
🇧🇾 Poles · Belarus
1330
-16
Tom
6:54 Loom
9:10 Feudal Age
9:30 Man-at-Arms
15:27 Double-Bit Axe
15:22 Horse Collar
24:50 Castle Age
23:54 Stone Mining
29:13 Fletching
32:25 Bodkin Arrow
Ziko
7:05 Loom
12:05 Feudal Age
13:36 Double-Bit Axe
14:30 Fletching
14:40 Padded Archer Armor
24:21 Castle Age
22:40 Horse Collar
24:28 Crossbowman
25:05 Bodkin Arrow
25:28 Leather Archer Armor
26:33 Bow Saw
33:16 Ballistics
emeric.poillong
9:10 Loom
11:56 Feudal Age
17:11 Castle Age
14:56 Loom
16:44 Double-Bit Axe
16:42 Horse Collar
21:28 Scale Barding Armor
21:34 Forging
24:23 Chain Barding Armor
24:44 Iron Casting
25:54 Husbandry
26:05 Bloodlines
31:50 Light Cavalry
HURMA
10:40 Feudal Age
8:59 Loom
10:44 Feudal Age
15:23 Castle Age
13:15 Double-Bit Axe
13:26 Horse Collar
15:29 Scale Barding Armor
16:08 Forging
16:57 Bloodlines
16:16 Light Cavalry
21:00 Chain Barding Armor
24:31 Husbandry
26:02 Heavy Plow
26:44 Bow Saw
26:33 Stone Mining
30:07 Scale Mail Armor
30:42 Iron Casting
31:56 Stone Shaft Mining
32:09 Chain Mail Armor
32:17 Fletching
33:33 Bodkin Arrow
34:39 Padded Archer Armor
So sad
0:53 Loom
11:04 Feudal Age
19:14 Castle Age
20:16 Town Watch
20:44 Double-Bit Axe
21:25 Fletching
26:00 Stone Mining
29:58 Horse Collar
34:43 Bow Saw
38:01 Imperial Age
NiL
9:31 Feudal Age
10:00 Loom
11:12 Fletching
14:13 Double-Bit Axe
23:05 Castle Age
23:14 Scale Barding Armor
24:07 Forging
23:58 Horse Collar
26:32 Husbandry
26:33 Scale Mail Armor
27:00 Chain Barding Armor
31:12 Iron Casting
34:17 Bow Saw
Connection lost

Rejoining the realm…

Still unreachable

The connection could not be restored.

Session expired

The server has moved on; the page needs a fresh start.